AoeStats
← Rey Gyuma

Black Forest

510302386Analyzed
3v3 RM · 1d ago on Sep 30, 2026· 60m 3s· 6 players
Game mode
Random Map
Map size
Normal (6 player)
Population
200
Speed
Normal
Resources
Standard
Victory
Conquest
Starting age
Dark Age
Ending age
Imperial Age
RankedLock teamsTeams togetherTeam positionsShared explorationLock speedFull tech treeHidden civsTurbo modeCheats
Victory
Defeat
🇧🇪 Teutons · Belgium
937
+14
🇦🇷 Saxons · Argentina
875
+17
🇦🇷 Koreans · Argentina
866
+17
🇨🇳 Sicilians · China
914
-17
🇺🇸 Slavs · United States
890
-16
🇺🇸 Celts · United States
874
-15
SignalHarmony29
8:00 Loom
14:53 Feudal Age
17:06 Horse Collar
20:46 Castle Age
19:27 Double-Bit Axe
19:35 Stone Mining
20:06 Gold Mining
21:55 Wheelbarrow
22:36 Gold Shaft Mining
22:16 Bow Saw
22:09 Heavy Plow
28:54 Hand Cart
29:02 Town Watch
33:24 Imperial Age
31:07 Forging
31:53 Caravan
32:28 Scale Barding Armor
32:59 Iron Casting
32:25 Scale Mail Armor
33:10 Town Patrol
33:46 Detinets
34:10 Chain Barding Armor
34:06 Chain Mail Armor
33:52 Padded Archer Armor
33:43 Fletching
34:30 Conscription
33:34 Elite Boyar
34:57 Conscription
34:41 Squires
34:02 Man-at-Arms
34:52 Elite Skirmisher
34:58 Pikeman
35:40 Husbandry
35:50 Bloodlines
35:01 Light Cavalry
36:49 Druzhina
36:10 Halberdier
36:11 Long Swordsman
39:08 Blast Furnace
38:43 Plate Barding Armor
38:47 Two-Handed Swordsman
39:02 Sappers
40:26 Leather Archer Armor
40:41 Plate Mail Armor
40:35 Ballistics
41:30 Two-Man Saw
41:07 Crop Rotation
42:44 Chemistry
42:22 Bodkin Arrow
46:11 Hussar
46:17 Champion
47:03 Cavalier
52:28 Hoardings
58:03 Ring Archer Armor
58:17 Capped Ram
小鱼xiaoyu123
0:53 Loom
16:01 Feudal Age
19:55 Gold Mining
23:55 Castle Age
21:59 Double-Bit Axe
38:28 Wheelbarrow
40:59 Stone Mining
43:17 First Crusade
44:16 Scale Mail Armor
44:26 Forging
46:20 Chain Mail Armor
46:59 Hand Cart
46:32 Fishing Lines
47:54 Gold Mining
50:35 Iron Casting
50:25 Horse Collar
52:09 Bow Saw
51:43 Pikeman
52:25 Squires
56:22 Imperial Age
57:36 Plate Mail Armor
58:07 Blast Furnace
56:28 Halberdier
58:55 Heavy Plow
58:48 Gillnets
60:09 Town Watch
一把菜刀
0:52 Loom
14:21 Feudal Age
16:16 Wheelbarrow
19:52 Castle Age
18:32 Double-Bit Axe
18:29 Horse Collar
18:48 Stone Mining
24:36 Bow Saw
24:28 Heavy Plow
24:22 Gold Mining
31:04 Town Watch
35:46 Imperial Age
34:32 Pikeman
35:19 Husbandry
35:14 Fletching
35:35 Forging
37:59 Furor Celtica
39:34 Ballistics
40:16 Chemistry
39:13 Murder Holes
38:47 Heavy Scorpion
44:45 Bodkin Arrow
46:41 Halberdier
48:55 Stronghold
48:38 Elite Woad Raider
50:58 Iron Casting
55:41 Cavalier
57:49 Caravan
SherlockLopez Arg.
0:31 Loom
12:57 Feudal Age
13:59 Gold Mining
13:57 Double-Bit Axe
21:30 Castle Age
20:13 Stone Mining
20:05 Horse Collar
22:04 Wheelbarrow
23:06 Bow Saw
25:06 Gold Shaft Mining
26:41 Heavy Plow
28:01 Stone Shaft Mining
32:07 Imperial Age
31:41 Hand Cart
33:03 Eupseong
32:52 Treadmill Crane
35:19 Two-Man Saw
35:42 Murder Holes
36:49 Chemistry
35:57 Siege Engineers
36:34 Conscription
38:21 Shinkichon
38:18 Caravan
38:50 Fortified Wall
38:40 Elite War Wagon
39:00 Heavy Rocket Cart
40:06 Fletching
40:26 Forging
40:22 Scale Barding Armor
40:18 Scale Mail Armor
41:21 Chemistry
41:36 Masonry
44:05 Husbandry
44:49 Iron Casting
44:35 Chain Barding Armor
44:11 Bodkin Arrow
44:32 Chain Mail Armor
43:40 Pikeman
44:20 Squires
44:06 Arson
45:55 Guilds
47:28 Architecture
47:19 Ballistics
46:45 Arrowslits
48:51 Town Watch
48:42 Halberdier
51:30 Plate Mail Armor
54:30 Elite Skirmisher
55:16 Thumb Ring
56:09 Bracer
58:05 Town Patrol
lodecesky
0:28 Loom
13:38 Feudal Age
14:40 Double-Bit Axe
16:14 Horse Collar
18:50 Fletching
22:25 Castle Age
23:00 Wheelbarrow
22:29 Gold Mining
23:41 Bow Saw
24:31 Stone Mining
26:41 Town Watch
27:12 Hand Cart
27:29 Hand Cart
27:18 Heavy Plow
32:01 Stone Shaft Mining
33:23 Town Patrol
35:38 Forging
35:34 Scale Barding Armor
38:18 Imperial Age
36:45 Caravan
37:57 Fortified Wall
38:09 Ballistics
38:15 Chain Barding Armor
38:42 Iron Casting
39:35 Crop Rotation
38:31 Cavalier
39:22 Bloodlines
39:46 Guilds
40:35 Crenellations
40:35 Conscription
41:37 Plate Barding Armor
43:35 Blast Furnace
42:30 Paladin
44:55 Two-Man Saw
44:36 Ironclad
46:22 Heavy Scorpion
47:32 Bodkin Arrow
49:12 Chemistry
48:18 Siege Engineers
54:33 Squires
53:53 Pikeman
56:25 Halberdier
57:55 Scale Mail Armor
59:36 Chain Mail Armor
Rey Gyuma
0:41 Loom
12:44 Feudal Age
13:51 Double-Bit Axe
18:40 Castle Age
18:05 Forging
18:26 Arson
19:22 Wheelbarrow
18:29 Horse Collar
19:16 Scale Mail Armor
21:12 Iron Casting
24:57 Squires
25:07 Thumb Ring
26:18 Scale Barding Armor
27:11 Light Cavalry
29:02 Bloodlines
29:38 Gold Mining
32:05 Gold Shaft Mining
31:33 Heavy Plow
35:19 Imperial Age
32:42 Town Watch
33:19 Hand Cart
33:25 Bow Saw
33:51 Fletching
34:39 Iron Casting
34:21 Chain Mail Armor
34:39 Caravan
35:59 Gambesons
37:40 Two-Man Saw
36:54 Bodkin Arrow
37:00 Padded Archer Armor
37:46 Conscription
37:54 Stone Mining
38:05 Crossbowman
40:09 Shield Wall
42:43 Hoardings
42:35 Fortified Wall
42:24 Murder Holes
46:08 Chemistry
45:29 Ballistics
45:45 Elite Varangian Guard
46:29 Capped Ram
47:39 Elite Skirmisher
50:23 Elite Hearth Troop
51:31 Bracer
51:46 Leather Archer Armor
52:02 Plate Mail Armor
51:52 Chain Barding Armor
51:18 Treadmill Crane
51:49 Masonry
51:45 Siege Engineers
54:32 Husbandry
57:09 Ring Archer Armor
56:07 Cranequins
56:37 Hussar
56:48 Siege Ram
57:19 Heavy Mounted Crossbowman
Connection lost

Rejoining the realm…

Still unreachable

The connection could not be restored.

Session expired

The server has moved on; the page needs a fresh start.